 Dungeon Crawl Stone Soup version 0.27-a0-998-g4cfe56dd59 (webtiles) character file.

Game seed: 4148021626711029047

1031 Bapho the Basher (level 8, -2/69 HPs)
             Began as a Gargoyle Fighter on Apr 17, 2021.
             Slain by an orc warrior
             ... wielding a +0 battleaxe
              (13 damage)
             ... on level 5 of the Dungeon.
             The game lasted 00:13:06 (6814 turns).

Bapho the Basher (Gargoyle Fighter)                 Turns: 6814, Time: 00:13:07

Health: -2/69      AC: 24    Str: 20 (22) XL:     8   Next: 23%
Magic:  8/8        EV:  2    Int:  6 (9)  God:
Gold:   190        SH:  0    Dex:  8 (9)  Spells: 7/7 levels left

rFire    . . .     SeeInvis .   w - -2 demon whip
rCold    . . .     Faith    .   (no shield)
rNeg     + + +     Spirit   .   (armour currently unavailable)
rPois    ∞         Reflect  .   (helmet currently unavailable)
rElec    .         Harm     .   (cloak currently unavailable)
rCorr    .         Rampage  .   (gloves currently unavailable)
Will     .....     NoTele   +   (boots currently unavailable)
Stlth    +.........             z - amulet of magic regeneration
HPRegen  0.21/turn              h - ring of flight
MPRegen  0.36/turn              (no ring)

@: tree-form
A: stationary, stasis, torment immunity, boosted hp, AC +5, negative energy
resistance 1, (electricity resistance), torment resistance 1, (unbreathing 1),
petrification resistance
a: no special abilities


You were on level 5 of the Dungeon.
You were a tree.
You visited 1 branch of the dungeon, and saw 6 of its levels.

You collected 260 gold pieces.
You spent 70 gold pieces at shops.

Inventory:

Hand Weapons
 a - a +0 flail
 w - a -2 demon whip (weapon)
Missiles
 l - 133 stones (quivered)
 n - 14 atropa-tipped darts
 q - 46 poisoned darts
Armour
 b - a +0 scale mail
 c - a +0 kite shield
 e - a +0 chain mail (melded)
 i - a +0 helmet (melded)
 A - a +0 pair of boots (melded)
Jewellery
 h - a ring of flight (left branch)
 z - an amulet of magic regeneration (around neck)
Wands
 r - a wand of flame (27)
 B - a wand of acid (3)
Scrolls
 f - a scroll of immolation
 v - 2 scrolls of vulnerability
 y - a scroll of teleportation
Potions
 d - 2 potions of might
 g - 2 potions of flight
 k - 2 potions of resistance
 m - a potion of cancellation
 p - a potion of lignification
 s - a potion of magic
 t - 3 potions of brilliance
 u - a potion of haste


   Skills:
 - Level 3.2 Fighting
 + Level 9.5 Maces & Flails
 - Level 3.2 Armour
 - Level 3.2 Shields


You had 7 spell levels left.
You didn't know any spells.
Your spell library was empty.

Dungeon Overview and Level Annotations

Branches:
Dungeon (6/15)
 Temple: D:4-7

Altars:
Okawaru
Vehumet

Shops:
D:1 *   D:2 (=*   D:4 *   D:5 (

Annotations:
D:6 Prince Ribbit


Innate Abilities, Weirdness & Mutations

You are a tree.
Your roots penetrate the ground, keeping you stationary.
You cannot be teleported.
You are immune to unholy pain and torment.
Your maximum health is greatly increased.
Your equipment is partially melded.
((Your stone body is resilient. (AC +5)))
You are immune to poison.
You resist negative energy. (rN+)
((You are resistant to electric shocks. (rElec)))
You are resistant to unholy torment.
((You can survive without breathing.))
You are immune to petrification.


Message History

It was a potion of ambrosia.
You are confused.
You feel invigorated.
The orc warrior hits you but does no damage.
You cannot move. (Use ctrl+direction or * direction to attack without moving.)
You cannot move. (Use ctrl+direction or * direction to attack without moving.)
You cannot move. (Use ctrl+direction or * direction to attack without moving.)
You cannot move. (Use ctrl+direction or * direction to attack without moving.)
You cannot move. (Use ctrl+direction or * direction to attack without moving.)
You swing at nothing.
The orc warrior hits you with a +0 battleaxe.
* * * LOW HITPOINT WARNING * * *
There's something in the way.
You completely miss the orc warrior.
The orc warrior is moderately wounded.
The orc warrior hits you but does no damage.
You miss the orc warrior.
The orc warrior is moderately wounded.
You swing at nothing.
The orc warrior hits you with a +0 battleaxe.
* * * LOW HITPOINT WARNING * * *
You nearly hit yourself!
The orc warrior hits you with a +0 battleaxe!
* * * LOW HITPOINT WARNING * * *
You miss the orc warrior.
The orc warrior is moderately wounded.
You feel less invigorated.
You feel less confused.
The orc warrior hits you with a +0 battleaxe.
* * * LOW HITPOINT WARNING * * *
You closely miss the orc warrior.
The orc warrior is moderately wounded.
You hit the orc warrior but do no damage.
The orc warrior is moderately wounded.
The orc warrior jeers noisily, as Orcs often do.
The orc warrior barely misses you.
You hit the orc warrior but do no damage.
The orc warrior is moderately wounded.
The orc warrior hits you with a +0 battleaxe!
You die...

#......# #.≈≈≈≈ ##### #......#
#.≈≈≈≈ ....# #......# #.≈≈≈≈
....# #......# #.≈≈≈≈ ....#
#......# #.≈≈≈≈ ....# #......#
#.≈≈≈≈ ....# #......#### #.≈≈≈≈
....# ##.........## #.≈≈≈≈ ....#
#.....♣o....# #.≈≈≈≈ ....##
#...#)##<...## #.≈≈≈≈ .....##
##....###....### #...). ......#
##....##......#####'##
#####.#######.....#......#..#..#.
#####.............>...........##.
...########................####..
##.# #..................##.#
##.########......................


You could see an orc warrior.

Vanquished Creatures
  A water moccasin (D:6)
  2 black bears
  A sky beast (D:5)
  An ogre (D:4)
  A gnoll sergeant (D:4)
  A scorpion (D:5)
  3 wights (D:2)
  A centaur zombie (D:5)
  A hound (D:6)
  A centaur skeleton (D:5)
  3 adders
  9 gnolls
  A white imp (D:6)
  3 worms
  2 dart slugs (D:1)
  4 orcs
  7 ball pythons
  5 bats
  7 endoplasms
  3 giant cockroaches
  13 hobgoblins
  3 jackals (D:4)
  18 kobolds
  8 quokkas
  A frilled lizard (D:3)
  8 goblins
  3 hobgoblin zombies (D:6)
  An orc zombie (D:6)
  4 rats
116 creatures vanquished.

Notes
Turn   | Place    | Note
-------+----------+-------------------------------------------
     0 | D:1      | Bapho the Gargoyle Fighter began the quest for the Orb.
     0 | D:1      | Reached XP level 1. HP: 14/14 MP: 1/1
     3 | D:1      | Noticed an electric eel
     4 | D:1      | Noticed an electric eel
   589 | D:1      | Found Taxtahel's General Store.
   599 | D:1      | Reached XP level 2. HP: 19/19 MP: 2/2
   623 | D:1      | Reached skill level 3 in Maces & Flails
   995 | D:1      | Reached XP level 3. HP: 18/23 MP: 3/3
  1145 | D:1      | Found a faded altar of an unknown god.
  1531 | D:2      | Reached skill level 4 in Maces & Flails
  1531 | D:2      | Reached XP level 4. HP: 22/28 MP: 4/4
  1540 | D:2      | Reached skill level 5 in Maces & Flails
  1540 | D:2      | Reached XP level 5. HP: 3/32 MP: 5/5
  2079 | D:2      | Found Donenw Boxka's Assorted Antiques.
  2397 | D:2      | Found Qoiciff's Antique Weapon Shop.
  2421 | D:2      | Found a radiant altar of Vehumet.
  2512 | D:2      | Found Ruasch's Jewellery Emporium.
  3260 | D:3      | Reached skill level 6 in Maces & Flails
  3886 | D:4      | Reached XP level 6. HP: 37/37 MP: 6/6
  4117 | D:4      | Found Qoloobu's Lightly-Used Armoury.
  4156 | D:4      | Bought a -2 demon whip for 70 gold pieces
  4859 | D:5      | Entered Level 5 of the Dungeon
  4887 | D:5      | Reached skill level 7 in Maces & Flails
  4901 | D:5      | Noticed a sky beast
  4929 | D:5      | Killed a sky beast
  4930 | D:5      | Reached XP level 7. HP: 37/41 MP: 7/7
  5205 | D:5      | Reached skill level 8 in Maces & Flails
  5900 | D:5      | Found Niront's Weapon Boutique.
  6120 | D:5      | Found an iron altar of Okawaru.
  6205 | D:6      | Reached skill level 9 in Maces & Flails
  6205 | D:6      | Reached XP level 8. HP: 41/46 MP: 8/8
  6415 | D:6      | Noticed Prince Ribbit
  6802 | D:5      | HP: 3/69 [orc warrior/+0 battleaxe (11)]
  6814 | D:5      | Slain by an orc warrior

Illustrated notes

Levels and vault maps discovered:
D:1:      arrival_aquarium_b, layout_basic, serial_shops, shop,
          ebering_ecumenical_altar_webs
D:2:      layout_rooms, basic_altar, serial_shops, nicolae_shop_trees, shop,
          shop_statue, chequers_serial_rivers_micro_e,
          kennysheep_decorative_pillar, minmay_goblin_kobold_house
D:3:      layout_basic, serial_corexii_hall, chequers_hall_statues_corner_a,
          chequers_hall_statues_wall_a, grunt_ministairs_13,
          palyth_stone_intersect
D:4:      layout_basic, minmay_shop_damaged
D:5:      layout_rooms, okawaru_altar_gauntlet_db, serial_shops,
          nicolae_shop_crystal, nrook_pool_corridor
D:6:      layout_loops_corners, grunt_gozag_breadcrumbs,
          gammafunk_temple_overflow_elements, minmay_mini_ossuary,
          uniq_prince_ribbit1

Skill      XL: |  1  2  3  4  5  6  7 |
---------------+----------------------+-----
Maces & Flails | 3 4 5 6 7 9 |  9.5
Fighting       | |  3.2
Armour         | |  3.2
Shields        | |  3.2

Action                   |  1- 3 |  4- 6 |  7- 9 || total
-------------------------+-------+-------+-------++-------
Melee: Flail             |   101 |   173 |       ||   274
       Demon whip        |       |    50 |   166 ||   216
Throw: Stone             |     2 |   145 |    46 ||   193
  Use: Potion            |     1 |       |     4 ||     5
       Scroll            |       |    10 |     2 ||    12
Armor: Scale mail        |     6 |       |       ||     6
       Chain mail        |    73 |   124 |   106 ||   303
       Skin              |       |       |     4 ||     4
Dodge: Dodged            |    39 |    68 |    57 ||   164

Table legend: (Time is in decaauts)
 A = Elapsed time spent in this place.
 B = Non-inter-level travel time spent in this place.
 C = Inter-level travel time spent in this place.
 D = Time resting spent in this place.
 E = Time spent auto-exploring this place.
 F = Levels seen in this place.
 G = Mean time per level.
                   A        B        C        D        E       F      G
               +--------+--------+--------+--------+--------+-----+--------+
         Total |   6813 |   6579 |    234 |    284 |   5109 |   6 | 1135.5 |
       Dungeon |   6813 |   6579 |    234 |    284 |   5109 |   6 | 1135.5 |
               +--------+--------+--------+--------+--------+-----+--------+

Top non-repeatable levels by time:
     D:1: 1498 daAuts
     D:2: 1418 daAuts
     D:4: 1301 daAuts
     D:5: 1174 daAuts
     D:3: 996 daAuts
     D:6: 423 daAuts
